 Dungeon Crawl Stone Soup version 0.28.0-45-g0d030f2227 (webtiles) character file.

Game seed: 9849879636914887263

33 101zpm the Insei (level 3, 0/27 HPs)
             Began as a Djinni Transmuter on Apr 10, 2022.
             Slain by an adder (2 damage)
             ... on level 2 of the Dungeon.
             The game lasted 00:02:45 (1982 turns).

101zpm the Insei (Djinni Transmuter)                Turns: 1982, Time: 00:02:46

Health: 0/27       AC:  2    Str:  9    XL:     3   Next: 47%
Gold:   20         EV: 12    Int: 16    God:
                   SH:  0    Dex: 13

rFire   + + .      SeeInvis .     - Unarmed
rCold   x . .      Faith    .   (no shield)
rNeg    . . .      Spirit   .   a - +0 robe
rPois   ∞          Reflect  .   (helmet currently unavailable)
rElec   .          Harm     .   (no cloak)
rCorr   .          Rampage  .   (no gloves)
Will    .....                   (boots unavailable)
Stlth   +.........              (no amulet)
HPRegen 0.09/turn               (no ring)
MPRegen 0.00/turn               (no ring)

@: appendages (expiring), flying
A: horns 2, flying, sickness immunity, fire resistance 2, cold vulnerability 1,
float, innate caster, HP casting, extra vitality 1
a: End Transformation


You were on level 2 of the Dungeon.
You had temporarily grown beastly horns.
You visited 1 branch of the dungeon, and saw 2 of its levels.

You collected 20 gold pieces.

Inventory:

Hand Weapons
 j - a +2 dagger of speed
Armour
 a - a +0 robe (worn)
Jewellery
 e - a ring of willpower
Scrolls
 b - a scroll of fog {unknown}
 c - 2 scrolls of teleportation {unknown}
 g - a scroll of identify {unknown}
Potions
 d - a potion of magic {unknown}
 f - a potion of degeneration {unknown}
 h - a potion of resistance {unknown}
 i - a potion of attraction {unknown}


   Skills:
 + Level 1.0 Fighting
 + Level 2.6 Dodging
 + Level 0.1 Stealth
 + Level 3.8 Unarmed Combat
 + Level 1.8 Spellcasting


You couldn't memorise any spells.
You knew the following spells:

 Your Spells              Type           Power      Damage    Failure   Level
a - Beastly Appendage     Tmut           14%        N/A       10%         1
b - Wereblood             Tmut           7%         N/A       16%         2
c - Spider Form           Tmut/Pois      7%         N/A       30%         3
d - Ice Form              Ice/Tmut       7%         N/A       69%         4
e - Magic Dart            Conj           28%        1d4       10%         1
Your spell library was empty.

Dungeon Overview and Level Annotations

Branches:
Dungeon (2/15)

Altars:


Innate Abilities, Weirdness & Mutations

You have temporarily grown beastly horns.
You are flying.
You are immune to sickness and miasma.
You are immune to poison.
Your flesh is very heat resistant. (rF++)
You are vulnerable to cold. (rC-)
You float through the air rather than walking.
You learn spells naturally, not from books.
Your magical power is your life essence.
You have superior vitality. (+4 MHP)


Message History

You closely miss the adder. Your headbutt misses the adder.
The adder is moderately wounded.
The adder barely misses you.
You barely miss the adder.
The adder is moderately wounded.
The adder bites you.
* * * LOW HITPOINT WARNING * * *
You closely miss the adder.
The adder is moderately wounded.
The adder bites you.
* * * LOW HITPOINT WARNING * * *
The adder completely misses you.
You closely miss the adder.
The adder is moderately wounded.
The adder completely misses you.
You miss the adder.
The adder is moderately wounded.
The adder misses you.
You closely miss the adder. Your headbutt misses the adder.
The adder is moderately wounded.
Your horns disappear.
The adder barely misses you.
Casting: Beastly Appendage (safe; 10% risk of failure)
Confirm with . or Enter, or press ? or * to list all spells.
You grow a pair of large bovine horns.
* * * LOW HITPOINT WARNING * * *
The adder misses you.
You hit the adder but do no damage.
The adder is moderately wounded.
The adder closely misses you. The adder bites you but does no damage.
You barely miss the adder.
You headbutt the adder, but do no damage.
The adder is moderately wounded.
Your transformation is almost over.
The adder bites you.
* * * LOW HITPOINT WARNING * * *
You miss the adder.
The adder is lightly wounded.
The adder bites you.
You die...

#. # #. .#
##.####.# ..#....#
#.#....###
######..?.....#
.......S....<.##
#@........
##....####
#........ #..######
#..# #÷÷# ##..# #.
#...## #.
#.#...############.


You could see an adder.

Vanquished Creatures
  2 adders (D:2)
  An endoplasm (D:1)
  2 goblins (D:1)
  2 jackals (D:1)
  A quokka (D:1)
  3 ball pythons
  A bat (D:2)
  2 frilled lizards (D:1)
  2 kobolds (D:1)
  3 rats
19 creatures vanquished.

Notes
Turn   | Place    | Note
-------+----------+-------------------------------------------
     0 | D:1      | 101zpm the Djinni Transmuter began the quest for the Orb.
     0 | D:1      | Reached XP level 1. HP: 17/17 MP: 0/0
   413 | D:1      | Reached XP level 2. HP: 21/22 MP: 0/0
  1540 | D:2      | Reached XP level 3. HP: 17/27 MP: 0/0
  1540 | D:2      | Learned a level 1 spell: Magic Dart
  1981 | D:2      | HP: 1/27 [adder (1)]
  1982 | D:2      | Slain by an adder

Illustrated notes

Levels and vault maps discovered:
D:1:      eino_arrival_water_star, layout_basic, serial_rivers,
          chequers_serial_rivers_small_3, chequers_serial_rivers_room_b,
          chequers_serial_rivers_micro_b, chequers_serial_rivers_micro_a,
          chequers_serial_rivers_micro_e
D:2:      layout_loops_ring, basic_ecumenical_altar

Action                   || total
-------------------------++-------
Melee: Unarmed           ||   102
       Headbutt          ||     9
       Punch             ||     3
 Cast: Beastly Appendage ||    10
Armor: Robe              ||    22
Dodge: Dodged            ||    76
